 Dungeon Sprint DCSS version 0.30-a0-956-gcec3b41aec (webtiles) character file.

Game seed: 5196668827524301470

28 Parcival the Trooper (level 3, 0/36 HPs)
             Began as a Minotaur Fighter on Mar 29, 2023.
             Slain by a human (6 damage)
             ... in the Dungeon (Sprint III: "The Ten Rune Challenge").
             The game lasted 00:00:22 (287 turns).

Parcival the Trooper (Minotaur Fighter)              Turns: 287, Time: 00:00:23

Health: 0/36       AC:  7    Str: 22    XL:     3   Next: 0%
Magic:  2/2        EV:  9    Int:  5    God:
Gold:   0          SH:  4    Dex:  9    Spells: 2/2 levels left

rFire   . . .      SeeInvis .    a - +0 war axe
rCold   . . .      Faith    .    c - +0 buckler
rNeg    . . .      Spirit   .    b - +0 scale mail
rPois   .          Reflect  .    (helmet restricted)
rElec   .          Rampage  .    (no cloak)
rCorr   .          NoTele   +    (no gloves)
Will    .....                    (no boots) Stlth
                                 (no amulet)
HPRegen 0.26/turn                (no ring)
MPRegen 0.08/turn                (no ring)

@: no status effects
A: horns 2, retaliatory headbutt
a: no special abilities


You were in the Dungeon.
You visited 1 branch

Inventory:

Hand Weapons
 a - a +0 war axe (weapon)
Armour
 b - a +0 scale mail (worn)
 c - a +0 buckler (worn)
Scrolls
 j - a scroll of blinking
 k - a scroll of fog {unknown}
Potions
 d - a potion of might
 e - a potion of curing
 f - 2 potions of heal wounds
 g - a potion of haste
 h - 2 potions of magic
 i - a potion of berserk rage


   Skills:
 + Level 5.6 Fighting
 + Level 3.0 Axes
 + Level 5.2 Armour
 + Level 0.1 Dodging
 + Level 5.3 Shields


You had 2 spell levels left.
You didn't know any spells.
Your spell library was empty.

Dungeon Overview and Level Annotations

Branches:
Dungeon (1/1)

Altars:


Innate Abilities, Weirdness & Mutations

You have a pair of horns on your head.
You reflexively headbutt those who attack you in melee.


Message History

There's nothing to open nearby.
There's nothing to open nearby.
There's nothing to open nearby.
You see here a rat corpse.
A human comes into view.
The human shouts!
A human is nearby!
A human is nearby!
The human hits you. You block the human's attack. You block the human's attack.
The human hits you! You block the human's attack. You block the human's attack.
The human hits you but does no damage. The human hits you.
The human hits you but does no damage. The human hits you.
The human barely misses you. The human hits you!
The human hits you but does no damage. The human barely misses you.
The human hits you but does no damage. The human barely misses you.
You furiously retaliate!
You headbutt the human! The human barely misses you.
You block the human's attack. The human hits you.
The human hits you but does no damage. The human barely misses you.
You furiously retaliate!
You headbutt the human! The human hits you but does no damage.
The human hits you!
* * * LOW HITPOINT WARNING * * *
The human hits you but does no damage. The human misses you.
The human hits you but does no damage. The human hits you.
* * * LOW HITPOINT WARNING * * *
The human barely misses you. The human hits you.
You die...

▓..##.).....#
▓##.##.##...# .#
##.##.###†.# ..#
▓#.####.##..# ...+
▓.###..##..##
#...# ▓#.†...##..#
#....#
###..##...##.....#
##..##....#p.....#
#..###..##@# #..#
#..#### ▓▓▓▓ ▓▓▓▓


You could see a human.

Vanquished Creatures
  Jessica (D)
  An endoplasm (D)
  2 rats (D)
4 creatures vanquished.

Notes
Turn   | Place    | Note
-------+----------+-------------------------------------------
     0 | D        | Parcival the Minotaur Fighter began the quest for the Orb.
     0 | D        | Reached XP level 1. HP: 19/19 MP: 0/0
   139 | D        | Noticed Jessica
   157 | D        | Killed Jessica
   158 | D        | Reached skill level 5 in Fighting
   158 | D        | Reached skill level 5 in Armour
   158 | D        | Reached skill level 5 in Shields
   158 | D        | Reached XP level 2. HP: 20/29 MP: 1/1
   228 | D        | Reached XP level 3. HP: 35/36 MP: 2/2
   287 | D        | Slain by a human

Illustrated notes

Levels and vault maps discovered:
D:        dungeon_sprint_mu [sprint_mu_entry_cave, sprint_mu_temple_rooms,
          sprint_mu_d1_horrors, sprint_mu_d2_genie, sprint_mu_d3_branching,
          sprint_mu_orc_legion, sprint_mu_elf_gauntlet, sprint_mu_hive_nellie,
          sprint_mu_lair_fedhas, sprint_mu_vaults_butterflies,
          sprint_mu_slime_circle, sprint_mu_swamp_cave, sprint_mu_snake_twists,
          sprint_mu_blade_basic, sprint_mu_crypt_lich, sprint_mu_tomb_spiral,
          sprint_mu_vestibule_basic, sprint_mu_gehenna_hellfire,
          sprint_mu_dis_giant, sprint_mu_tartarus_statrot,
          sprint_mu_cocytus_islands, sprint_mu_zot1]

Skill      XL: |  1 |
---------------+----+-----
Fighting       | 5 |  5.6
Armour         | 5 |  5.2
Shields        | 5 |  5.3
Axes           | 3 |  3.0
Dodging        | |  0.1

Action                     || total
---------------------------++-------
  Melee: War axe           ||     1
 Armour: Scale mail        ||    22
  Dodge: Dodged            ||    22
  Block: Buckler           ||    16

Table legend: (Time is in decaauts)
 A = Elapsed time spent in this place.
 B = Non-inter-level travel time spent in this place.
 C = Inter-level travel time spent in this place.
 D = Time resting spent in this place.
 E = Time spent auto-exploring this place.
 F = Levels seen in this place.
 G = Mean time per level.
                   A        B        C        D        E       F      G
               +--------+--------+--------+--------+--------+-----+--------+
         Total |    287 |    287 |      0 |      0 |     66 |   1 |  287.0 |
       Dungeon |    287 |    287 |      0 |      0 |     66 |   1 |  287.0 |
               +--------+--------+--------+--------+--------+-----+--------+

Top non-repeatable levels by time:
       D: 287 daAuts
